2932 views
Uploaded 2020-03-01 20:01:08
Game version 1.32.2
25:02 long 1on1on1on1 ladder game on (8)Mur'gulOasis_LV
Saved by TALONSARIMBA
2932 views
Uploaded 2020-03-01 20:01:08
Game version 1.32.2
25:02 long 1on1on1on1 ladder game on (8)Mur'gulOasis_LV

21 units @ 2.3k
/ 0.1k
8 buildings @ 1.4k
/ 0.5k


| Scroll of Town Portal | 1 | 350 |
| Potion of Lesser Invulnerability | 1 | 150 |
| total: | 2 | 500g |
| Wisp | 9 | 540 | / | 0 |
| Archer | 9 | 1170 | / | 90 |
| Huntress | 3 | 585 | / | 60 |
| total: | 21 | 2295g | / | 150w |
| Ancient Protector | 1 | 135 | / | 80 |
| Altar of Elders | 1 | 180 | / | 50 |
| Moon Well | 4 | 720 | / | 160 |
| Ancient of War | 1 | 150 | / | 60 |
| Hunter's Hall | 1 | 210 | / | 100 |
| Tree of Ages | 1 | 320 | / | 180 |
| Tree of Eternity | 1 | 330 | / | 200 |
| total: | 8 | 1395g | / | 450w |
| 0:05 | Altar of Elders |
| 0:08 | Moon Well |
| 0:11 | Ancient of War |
| 0:22 | Wisp |
| 0:39 | Wisp |
| 0:56 | Wisp |
| 1:19 | Wisp |
| 1:20 | Wisp |
| 1:24 | Archer |
| 1:28 | Wisp |
| 1:39 | Archer |
| 1:55 | Moon Well |
| 2:12 | Force of Nature |
| 2:33 | Wisp |
| 3:59 | Archer |
| 4:01 | Tree of Ages |
| 4:06 | Hunter's Hall |
| 4:36 | Archer |
| 4:41 | Archer |
| 4:52 | Moon Well |
| 5:03 | Archer |
| 5:05 | Archer |
| 5:10 | Strength of the Moon |
| 5:10 | Improved Strength of the Moon |
| 5:49 | Thorns Aura |
| 6:20 | Huntress |
| 6:22 | Moon Armor |
| 6:26 | Tree of Eternity |
| 7:02 | Huntress |
| 7:12 | Moon Well |
| 7:17 | Archer |
| 7:44 | Scroll of Town Portal |
| 7:54 | Potion of Lesser Invulnerability |
| 8:01 | Trueshot Aura |
| 8:06 | Archer |
| 8:31 | Ancient Protector |
| 8:36 | Advanced Strength of the Moon |
| 8:58 | Wisp |
| 8:59 | Wisp |
| 9:07 | Huntress |
| Right click | 196 |
| Select | 153 |
| Build/train/purchase | 38 |
| Use ability | 10 |
| Item give/drop | 1 |
62 units @ 8.1k
/ 1.2k
21 buildings @ 3.7k
/ 1.8k



| Orb of Venom | 1 | 325 |
| Anti-magic Potion | 1 | 100 |
| Staff of Preservation | 1 | 150 |
| Moonstone | 2 | 100 |
| Potion of Healing | 4 | 600 |
| Potion of Mana | 3 | 600 |
| Scroll of Healing | 1 | 250 |
| Boots of Speed | 1 | 250 |
| Circlet of Nobility | 1 | 175 |
| Potion of Lesser Invulnerability | 1 | 150 |
| Periapt of Vitality | 1 | 325 |
| total: | 17 | 3025g |
| Wisp | 29 | 1740 | / | 0 |
| Archer | 10 | 1300 | / | 100 |
| Huntress | 7 | 1365 | / | 140 |
| Mountain Giant | 2 | 700 | / | 200 |
| Dryad | 6 | 870 | / | 360 |
| Chimaera | 5 | 1650 | / | 350 |
| Faerie Dragon | 2 | 310 | / | 50 |
| Druid of the Talon | 1 | 145 | / | 20 |
| total: | 62 | 8080g | / | 1220w |
| Altar of Elders | 1 | 180 | / | 50 |
| Moon Well | 7 | 1260 | / | 280 |
| Ancient of War | 3 | 450 | / | 180 |
| Ancient of Wonders | 2 | 180 | / | 60 |
| Hunter's Hall | 1 | 210 | / | 100 |
| Tree of Life | 2 | 680 | / | 370 |
| Ancient of Lore | 2 | 310 | / | 290 |
| Ancient of Wind | 2 | 300 | / | 280 |
| Chimaera Roost | 1 | 140 | / | 190 |
| Tree of Ages | 1 | 320 | / | 180 |
| Tree of Eternity | 2 | 660 | / | 400 |
| total: | 21 | 3710g | / | 1800w |
| 0:02 | Wisp |
| 0:08 | Altar of Elders |
| 0:14 | Wisp |
| 0:14 | Wisp |
| 0:17 | Moon Well |
| 0:33 | Ancient of War |
| 0:35 | Wisp |
| 0:41 | Wisp |
| 0:41 | Wisp |
| 0:51 | Wisp |
| 1:21 | Wisp |
| 1:32 | Moon Well |
| 1:38 | Archer |
| 1:54 | Archer |
| 1:59 | Ancient of Wonders |
| 2:08 | Wisp |
| 2:23 | Black Arrow |
| 2:30 | Archer |
| 2:44 | Wisp |
| 2:44 | Wisp |
| 2:47 | Hunter's Hall |
| 3:25 | Wisp |
| 3:25 | Wisp |
| 3:46 | Silence |
| 3:48 | Tree of Ages |
| 3:50 | Archer |
| 4:16 | Ancient of War |
| 5:01 | Strength of the Moon |
| 5:01 | Moon Armor |
| 5:03 | Huntress |
| 5:04 | Sentinel |
| 5:11 | Black Arrow |
| 5:32 | Tree of Life |
| 5:36 | Moon Well |
| 5:38 | Moon Well |
| 6:23 | Improved Bows |
| 6:26 | Wisp |
| 6:26 | Wisp |
| 7:27 | Improved Moon Armor |
| 7:30 | Archer |
| 7:31 | Huntress |
| 7:34 | Ancient of Lore |
| 7:37 | Wisp |
| 7:37 | Wisp |
| 7:58 | Huntress |
| 8:03 | Huntress |
| 8:03 | Huntress |
| 8:39 | Tree of Eternity |
| 8:58 | Fan of Knives |
| 9:25 | Boots of Speed |
| 9:26 | Circlet of Nobility |
| 9:38 | Wisp |
| 9:38 | Wisp |
| 9:38 | Wisp |
| 9:38 | Wisp |
| 9:47 | Druid of the Claw Adept Training |
| 9:48 | Abolish Magic |
| 10:09 | Silence |
| 10:11 | Blink |
| 11:37 | Fan of Knives |
| 11:44 | Black Arrow |
| 11:50 | Wisp |
| 12:26 | Ancient of Lore |
| 12:37 | Mountain Giant |
| 12:41 | Moon Glaive |
| 12:42 | Huntress |
| 12:50 | Potion of Lesser Invulnerability |
| 12:50 | Periapt of Vitality |
| 12:51 | Scroll of Healing |
| 12:55 | Chimaera Roost |
| 12:58 | Well Spring |
| 13:17 | Moon Well |
| 13:22 | Moon Well |
| 13:24 | Wisp |
| 13:24 | Wisp |
| 13:26 | Nature's Blessing |
| 13:36 | Hardened Skin |
| 14:02 | Frost Arrows |
| 14:59 | Forked Lightning |
| 15:07 | Strength of the Wild |
| 15:07 | Reinforced Hides |
| 15:11 | Ancient of Wind |
| 15:18 | Tree of Life |
| 15:52 | Orb of Venom |
| 15:55 | Anti-magic Potion |
| 15:56 | Staff of Preservation |
| 16:05 | Dryad |
| 16:06 | Resistant Skin |
| 16:13 | Dryad |
| 16:40 | Dryad |
| 17:41 | Dryad |
| 17:57 | Archer |
| 17:59 | Chimaera |
| 18:11 | Moonstone |
| 18:16 | Potion of Healing |
| 18:30 | Faerie Dragon |
| 18:30 | Faerie Dragon |
| 18:44 | Improved Strength of the Wild |
| 18:56 | Potion of Healing |
| 18:58 | Potion of Mana |
| 19:18 | Mountain Giant |
| 19:24 | Archer |
| 19:25 | Huntress |
| 19:34 | Archer |
| 19:55 | Blink |
| 20:07 | Charm |
| 20:13 | Potion of Mana |
| 20:31 | Chimaera |
| 20:47 | Chimaera |
| 21:02 | Potion of Mana |
| 21:07 | Moon Well |
| 21:25 | Dryad |
| 21:25 | Dryad |
| 21:40 | Potion of Healing |
| 21:47 | Archer |
| 21:47 | Archer |
| 22:08 | Moonstone |
| 22:17 | Improved Strength of the Moon |
| 22:30 | Ancient of Wind |
| 22:41 | Frost Arrows |
| 23:00 | Potion of Healing |
| 23:05 | Chimaera |
| 23:33 | Chimaera |
| 24:00 | Ancient of War |
| 24:01 | Wisp |
| 24:01 | Wisp |
| 24:01 | Wisp |
| 24:03 | Druid of the Talon |
| 24:07 | Ancient of Wonders |
| 24:43 | Wisp |
| 24:43 | Wisp |
| Right click | 1176 |
| Select | 731 |
| Select group | 361 |
| Misc. action | 274 |
| Build/train/purchase | 205 |
| Use ability | 70 |
| Assign group | 47 |
| Chat | 7 |
| Esc | 5 |
| Item give/drop | 3 |
| Remove unit | 2 |
40 units @ 7.2k
/ 1.4k
13 buildings @ 2.1k
/ 0.6k



| Rod of Necromancy | 3 | 450 |
| Orb of Corruption | 1 | 375 |
| Dust of Appearance | 1 | 75 |
| total: | 5 | 900g |
| Acolyte | 9 | 675 | / | 0 |
| Ghoul | 4 | 480 | / | 0 |
| Crypt Fiend | 13 | 2795 | / | 520 |
| Obsidian Statue | 4 | 800 | / | 140 |
| Abomination | 10 | 2400 | / | 700 |
| total: | 40 | 7150g | / | 1360w |
| Nerubian Tower | 1 | 100 | / | 20 |
| Crypt | 1 | 200 | / | 50 |
| Graveyard | 1 | 215 | / | 0 |
| Altar of Darkness | 1 | 180 | / | 50 |
| Ziggurat | 7 | 1050 | / | 350 |
| Tomb of Relics | 1 | 130 | / | 30 |
| Necropolis | 1 | 225 | / | 0 |
| Slaughterhouse | 1 | 140 | / | 135 |
| Halls of the Dead | 1 | 320 | / | 210 |
| Black Citadel | 1 | 325 | / | 230 |
| total: | 13 | 2140g | / | 615w |
| 0:05 | Acolyte |
| 0:10 | Crypt |
| 0:15 | Graveyard |
| 0:21 | Acolyte |
| 0:44 | Altar of Darkness |
| 1:00 | Ziggurat |
| 1:06 | Acolyte |
| 1:27 | Ghoul |
| 1:35 | Tomb of Relics |
| 1:56 | Crypt Fiend |
| 2:11 | Ziggurat |
| 2:54 | Rod of Necromancy |
| 2:54 | Rod of Necromancy |
| 2:58 | Crypt Fiend |
| 3:17 | Death Coil |
| 3:21 | Nerubian Tower |
| 3:45 | Crypt Fiend |
| 4:00 | Halls of the Dead |
| 4:32 | Unholy Aura |
| 4:33 | Crypt Fiend |
| 4:41 | Ziggurat |
| 4:58 | Ghoul |
| 5:19 | Ghoul |
| 5:21 | Rod of Necromancy |
| 5:36 | Dust of Appearance |
| 5:44 | Ziggurat |
| 6:14 | Death Coil |
| 6:31 | Slaughterhouse |
| 7:19 | Black Citadel |
| 7:30 | Frost Nova |
| 7:38 | Creature Attack |
| 7:38 | Improved Creature Attack |
| 8:00 | Obsidian Statue |
| 8:00 | Obsidian Statue |
| 8:31 | Web |
| 8:55 | Frost Armor |
| 9:06 | Ziggurat |
| 9:09 | Crypt Fiend |
| 9:11 | Advanced Creature Attack |
| 9:46 | Obsidian Statue |
| 10:20 | Frost Nova |
| 10:29 | Unholy Aura |
| 10:34 | Creature Carapace |
| 10:36 | Disease Cloud |
| 11:34 | Abomination |
| 11:37 | Crypt Fiend |
| 12:11 | Acolyte |
| 13:08 | Necropolis |
| 13:39 | Frost Armor |
| 13:40 | Black Arrow |
| 13:41 | Silence |
| 13:50 | Orb of Corruption |
| 14:04 | Ziggurat |
| 14:25 | Unholy Armor |
| 14:29 | Death Coil |
| 14:50 | Ghoul |
| 14:50 | Acolyte |
| 14:50 | Acolyte |
| 14:51 | Acolyte |
| 14:51 | Acolyte |
| 15:01 | Abomination |
| 16:13 | Abomination |
| 16:17 | Crypt Fiend |
| 16:22 | Improved Unholy Armor |
| 16:23 | Ziggurat |
| 17:37 | Abomination |
| 17:37 | Abomination |
| 17:45 | Frost Nova |
| 18:02 | Abomination |
| 18:17 | Black Arrow |
| 18:18 | Silence |
| 19:00 | Unholy Aura |
| 20:19 | Animate Dead |
| 20:33 | Crypt Fiend |
| 20:33 | Crypt Fiend |
| 20:48 | Abomination |
| 20:48 | Abomination |
| 21:04 | Crypt Fiend |
| 21:20 | Abomination |
| 21:36 | Crypt Fiend |
| 21:37 | Abomination |
| 22:10 | Crypt Fiend |
| 23:02 | Death and Decay |
| 24:33 | Obsidian Statue |
| 24:43 | Black Arrow |
| 24:50 | Crypt Fiend |
| 24:51 | Improved Creature Carapace |
| 24:58 | Acolyte |
| Right click | 2057 |
| Select | 882 |
| Select group | 873 |
| Misc. action | 248 |
| Build/train/purchase | 159 |
| Use ability | 53 |
| Chat | 50 |
| Assign group | 38 |
| Item give/drop | 3 |
| Esc | 2 |
/ 0.1k
14 buildings @ 2.4k
/ 0.9k


| Wisp | 15 | 900 | / | 0 |
| Archer | 13 | 1690 | / | 130 |
| total: | 28 | 2590g | / | 130w |
| Altar of Elders | 1 | 180 | / | 50 |
| Moon Well | 8 | 1440 | / | 320 |
| Hunter's Hall | 1 | 210 | / | 100 |
| Ancient of War | 2 | 300 | / | 120 |
| Ancient of Wind | 2 | 300 | / | 280 |
| Tree of Ages | 1 | 320 | / | 180 |
| total: | 14 | 2430g | / | 870w |
| 0:03 | Wisp |
| 0:03 | Wisp |
| 0:04 | Wisp |
| 0:09 | Altar of Elders |
| 0:18 | Moon Well |
| 0:47 | Wisp |
| 0:47 | Wisp |
| 0:48 | Wisp |
| 0:48 | Wisp |
| 0:48 | Wisp |
| 0:48 | Wisp |
| 0:48 | Wisp |
| 0:50 | Wisp |
| 0:50 | Wisp |
| 0:50 | Wisp |
| 0:57 | Wisp |
| 0:57 | Wisp |
| 1:44 | Hunter's Hall |
| 1:48 | Moon Well |
| 2:44 | Entangling Roots |
| 3:09 | Moon Well |
| 3:13 | Tree of Ages |
| 4:03 | Ancient of War |
| 4:08 | Ancient of War |
| 4:19 | Moon Well |
| 5:18 | Archer |
| 5:23 | Moon Well |
| 5:35 | Force of Nature |
| 5:51 | Archer |
| 5:52 | Strength of the Moon |
| 5:53 | Moon Armor |
| 5:54 | Ultravision |
| 7:26 | Moon Well |
| 7:55 | Archer |
| 8:20 | Ancient of Wind |
| 8:24 | Ancient of Wind |
| 8:36 | Moon Well |
| 9:03 | Archer |
| 9:03 | Improved Bows |
| 9:06 | Reinforced Hides |
| 9:08 | Improved Moon Armor |
| 9:08 | Improved Strength of the Moon |
| 9:13 | Trueshot Aura |
| 9:39 | Moon Well |
| 10:28 | Force of Nature |
| 10:34 | Archer |
| 10:34 | Archer |
| 11:05 | Archer |
| 11:35 | Archer |
| 11:36 | Archer |
| 11:36 | Archer |
| 11:36 | Archer |
| 11:36 | Archer |
| 11:36 | Archer |
| Right click | 313 |
| Select group | 138 |
| Select | 73 |
| Build/train/purchase | 44 |
| Chat | 25 |
| Use ability | 16 |
| Assign group | 9 |
| Remove unit | 2 |
⇛